 Dungeon Sprint DCSS version 0.23.2-1-ga50397a6bc (webtiles) character file.

Game seed: 7840444053004646393

1825 Kobolds4U the Carver (level 8, -2/82 HPs)
             Began as a Grey Draconian Berserker on Apr 28, 2019.
             Was an Elder of Trog.
             Slain by a demonic crawler (9 damage)
             ... in the Dungeon (Sprint I: "Red Sonja").
             The game lasted 00:03:52 (1182 turns).

Kobolds4U the Carver (Grey Draconian Berserker)     Turns: 1182, Time: 00:03:53

Health: -2/82      AC: 11    Str: 19    XL:     8   Next: 86%
Magic:  8/8        EV: 16    Int:  9    God:    Trog [****..]
Gold:   419        SH:  0    Dex: 12    Spells: 7/7 levels left

rFire    . . .     SeeInvis .   a - +0 falchion
rCold    . . .     Gourm    .   (no shield)
rNeg     . . .     Faith    .   (armour unavailable)
rPois    .         Spirit   .   (helmet restricted)
rElec    .         Reflect  .   (no cloak)
rCorr    .         Harm     .   (no gloves)
MR       ++...     NoTele   +   (no boots)
Stlth    +.........             (no amulet)
HPRegen  1.23/turn              (no ring)
MPRegen  0.11/turn              (no ring)

@: berserk cooldown, regenerating, slowed, very slow
A: walk through water, unfitting armour, unbreathing, cold-blooded, AC +11
a: Berserk, Trog's Hand, Brothers in Arms, Renounce Religion


You were in the Dungeon.
You worshipped Trog.
Trog was greatly pleased with you.
You were not hungry.

You visited 1 branch You collected 419 gold pieces.

Inventory:

Hand Weapons
 a - a +0 falchion (weapon)
Wands
 i - a wand of clouds (7)
Scrolls
 h - a scroll of blinking
 j - a scroll of random uselessness {unknown}
Potions
 c - a potion of curing
 d - a potion of heal wounds
 e - a potion of haste
 f - 2 potions of magic
 g - a potion of berserk rage


   Skills:
 + Level 11.1 Fighting
 * Level 14.5 Long Blades
 + Level 8.7 Dodging


You had 7 spell levels left.
You didn't know any spells.
Your spell library was empty.

Dungeon Overview and Level Annotations

Branches:
Dungeon (1/1)

Altars:
Cheibriados
Dithmenos
Elyvilon
Fedhas
Gozag
Hepliaklqana
Kikubaaqudgha
Makhleb
Nemelex Xobeh
Okawaru
Qazlal
Ru
Sif Muna
Trog
Uskayaw
Vehumet
Wu Jian
Xom
Yredelemnul
Zin
The Shining One
Jiyva
Lugonu

Shops:
D [


Innate Abilities, Weirdness & Mutations

You can walk through water.
Your dull iron-grey scales are very hard. (AC +11)
You cannot fit into any form of body armour.
You can survive without breathing.
You are cold-blooded and may be slowed by cold attacks.


Message History

The demonic crawler hits you but does no damage.
The demonic crawler barely misses you.
You hit the demonic crawler.
The demonic crawler is severely wounded.
The demonic crawler barely misses you.
You riposte.
You closely miss the demonic crawler.
The demonic crawler is severely wounded.
The demonic crawler barely misses you.
The demonic crawler hits you but does no damage.
Your skin crawls.
You feel resistant to hostile enchantments.
You feel somewhat more hungry. The demonic crawler hits you!
* * * LOW HITPOINT WARNING * * *
The demonic crawler misses you. The demonic crawler closely misses you.
The demonic crawler misses you. The demonic crawler barely misses you.
The demonic crawler hits you!
* * * LOW HITPOINT WARNING * * *
The demonic crawler hits you but does no damage.
The demonic crawler hits you!
You die...

###################
..#..'..#__#..')..#
..').#..'..'..#)@s##+#
#'#####'#__####...†..#
..#...#.#### #####..+
###..##.# ## __##'#_.+
..÷'..._# __##_.#'#
__###+#.# ### ###


You could see a demonic crawler.

Vanquished Creatures
  2 kobold demonologists (D)
  A demonic crawler (D)
  A slime creature (D)
  Sigmund (D)
  A yak (D)
  A floating eye (D)
  An ogre (D)
  A jelly (D)
  Ijyb (D)
10 creatures vanquished.

Vanquished Creatures (collateral kills)
  2 demonic crawlers (D)
2 creatures vanquished.

Vanquished Creatures (others)
  A hornet (D)
1 creature vanquished.

Grand Total: 13 creatures vanquished

Notes
Turn   | Place    | Note
-------+----------+-------------------------------------------
     0 | D        | Kobolds4U the Draconian Berserker began the quest for the
                  | Orb.
     0 | D        | Reached XP level 1. HP: 19/19 MP: 1/1
     1 | D        | Noticed Ijyb
    15 | D        | Killed Ijyb
    15 | D        | Reached skill level 6 in Long Blades
    15 | D        | Reached XP level 2. HP: 26/26 MP: 2/2
    20 | D        | Noticed an ogre
    25 | D        | Killed an ogre
    25 | D        | Reached skill level 5 in Fighting
    25 | D        | Reached skill level 8 in Long Blades
    25 | D        | Reached XP level 3. HP: 31/36 MP: 3/3
    25 | D        | Reached XP level 4. HP: 36/42 MP: 4/4
   142 | D        | Noticed Sigmund
   150 | D        | Killed Sigmund
   150 | D        | Reached ** piety under Trog
   150 | D        | Reached skill level 10 in Long Blades
   150 | D        | Reached XP level 5. HP: 33/52 MP: 5/5
   270 | D        | Found an ornate altar of the Wu Jian Council.
   270 | D        | Found a deep blue altar of Sif Muna.
   272 | D        | Found a radiant altar of Vehumet.
   281 | D        | Reached XP level 6. HP: 8/60 MP: 6/6
   564 | D        | Found Lymawkam's Armour Emporium.
   564 | D        | Found an ancient bone altar of Kikubaaqudgha.
   564 | D        | Found a hazy altar of Hepliaklqana.
   564 | D        | Found a hide-covered altar of Uskayaw.
   564 | D        | Found a basalt altar of Yredelemnul.
   564 | D        | Found an opulent altar of Gozag.
   564 | D        | Found a snail-covered altar of Cheibriados.
   564 | D        | Found a sacrificial altar of Ru.
   564 | D        | Found a shadowy altar of Dithmenos.
   564 | D        | Noticed a yak
   565 | D        | Found a stormy altar of Qazlal.
   565 | D        | Found a blossoming altar of Fedhas.
   565 | D        | Found a bloodstained altar of Trog.
   565 | D        | Found an iron altar of Okawaru.
   565 | D        | Found a glowing golden altar of the Shining One.
   565 | D        | Found a glowing silver altar of Zin.
   565 | D        | Found a white marble altar of Elyvilon.
   580 | D        | Killed a yak
   580 | D        | Reached skill level 11 in Long Blades
   580 | D        | Reached skill level 5 in Dodging
   581 | D        | Found a sparkling altar of Nemelex Xobeh.
   782 | D        | Found a viscous altar of Jiyva.
   782 | D        | Found a corrupted altar of Lugonu.
   782 | D        | Noticed a slime creature
   783 | D        | Found a burning altar of Makhleb.
   783 | D        | Found a shimmering altar of Xom.
   794 | D        | Killed a slime creature
   794 | D        | Reached *** piety under Trog
   794 | D        | Reached skill level 12 in Long Blades
   794 | D        | Your scales start taking on a dull iron-grey colour.
   794 | D        | Reached XP level 7. HP: 36/70 MP: 7/7
   794 | D        | Gained mutation: You can survive without breathing. [Grey
                  | Draconian growth]
   969 | D        | Noticed a kobold demonologist
   969 | D        | Noticed a kobold demonologist
   976 | D        | Paralysed by a floating eye for 2 turns
   982 | D        | Noticed a soul eater
   988 | D        | Paralysed by a floating eye for 3 turns
   990 | D        | Noticed a red devil
   995 | D        | Noticed an orange demon
   995 | D        | Killed a kobold demonologist
   995 | D        | Reached skill level 13 in Long Blades
   998 | D        | Killed a kobold demonologist
   998 | D        | Reached skill level 10 in Fighting
   998 | D        | Reached XP level 8. HP: 37/79 MP: 8/8
   999 | D        | Reached **** piety under Trog
  1138 | D        | Killed a hornet
  1150 | D        | Noticed a demonic crawler
  1150 | D        | Noticed a demonic crawler
  1150 | D        | Noticed a demonic crawler
  1150 | D        | Noticed a demonic crawler
  1156 | D        | Killed a demonic crawler
  1156 | D        | Reached skill level 14 in Long Blades
  1163 | D        | Killed a demonic crawler
  1167 | D        | Killed a demonic crawler
  1182 | D        | Slain by a demonic crawler

Skill      XL: |  1  2  3  4  5  6  7  8 |
---------------+-------------------------+-----
Long Blades    | 6 8 10 12 13 14 | 14.5
Fighting       | 5 7 9 10 11 | 11.1
Dodging        | 4 6 7 8 |  8.7

Action                   |  1- 3 |  4- 6 |  7- 9 || total
-------------------------+-------+-------+-------++-------
Melee: Falchion          |    17 |    41 |    45 ||   103
       Tailslap          |     3 |    14 |     7 ||    24
Invok: Berserk           |     1 |       |     2 ||     3
       Trog's Hand       |       |       |     2 ||     2
       Brothers in Arms  |       |       |     1 ||     1
  Eat: Chunk             |       |     1 |       ||     1
       Ration            |       |       |     1 ||     1
Armor: Skin              |       |     2 |    30 ||    32
Dodge: Dodged            |    12 |    14 |    58 ||    84
       Rpst.: Falchion   |     2 |     6 |    11 ||    19
